Map: Dasan Station LE

Players

Nickos - Winner!

  • Race: Terran Terran
  • League: Gold

LivingWeed

  • Race: Zerg Zerg

VOD

Have the link to the VOD?

Description

Time

  • Played on: Sept. 2, 2016, 8:47 a.m.
  • Length: 7:03
Show
View Real Time Build Order
Export as new Build Order

Nickos Terran - Winner!

Build Orders:  

Get SALT Encoding   

  12  0:01  SCV  
  13  0:13  SCV  
  14  0:17  Supply Depot  
  14  0:25  SCV  
  15  0:39  SCV  
  15  0:40  Barracks  
  16  0:51  SCV  
  17  1:03  SCV  
  18  1:15  SCV  
  19  1:19  Command Center  
  19  1:29  Orbital Command  
  19  1:32  Marine  
  20  1:39  Supply Depot  
  20  1:50  Barracks  
  19  1:54  SCV  
  20  2:06  SCV  
  20  2:07  Barracks  
  21  2:12  Refinery  
  21  2:14  Marine  
  22  2:18  Refinery  
  22  2:20  SCV  
  23  2:32  SCV, Marine  
  23  2:35  Orbital Command  
  25  2:42  Marine  
  26  2:44  SCV  
  26  2:50  Marine  
  28  2:53  Supply Depot  
  28  2:56  Barracks Tech Lab, SCV  
  29  3:00  Barracks Reactor  
  29  3:03  SCV  
  30  3:09  Barracks Reactor  
  30  3:14  SCV  
  30  3:15  Marine  
  30  3:16  SCV  
  33  3:23  Stimpack  
  33  3:26  SCV  
  34  3:28  Supply Depot, SCV  
  35  3:35  Barracks  
  35  3:38  SCV  
  35  3:39  Marine x2  
  35  3:40  SCV  
  39  3:50  SCV  
  39  3:52  SCV, Supply Depot, Marine x2  
  43  4:00  Marine x2  
  43  4:02  SCV  
  46  4:04  SCV  
  46  4:06  Marine  
  46  4:09  Marine  
  48  4:10  Marine  
  48  4:14  SCV  
  51  4:17  SCV  
  51  4:18  Marine x2  
  54  4:24  Factory, Marine  
  54  4:26  SCV  
  54  4:27  Barracks, Marine  
  56  4:37  Marine, SCV  
  56  4:38  SCV, Marine x2  
  60  4:39  Barracks Reactor  
  60  4:40  Bunker  
  60  4:42  Marine  
  60  4:45  Marine  
  62  4:51  SCV x2  
  65  4:55  Marine  
  65  4:57  Supply Depot, Marine x2  
  65  4:59  Supply Depot  
  68  5:00  Marine  
  69  5:09  Engineering Bay  
  69  5:17  Marine  
  69  5:18  Marine x2  
  69  5:20  Barracks Reactor  
  72  5:27  Bunker, SCV x2  
  74  5:31  Command Center  
  73  5:36  Supply Depot  
  73  5:37  Supply Depot  
  72  5:49  Marine  
  70  5:50  Marine x2  
  70  5:52  SCV  
  70  5:53  SCV  
  75  6:03  Engineering Bay  
  75  6:05  SCV x2  
  75  6:07  Marine x5  
  75  6:08  Factory Reactor  
  82  6:12  Marine x4  
  82  6:14  Starport  
  82  6:17  SCV x2  
  87  6:24  Marine  
  87  6:25  Marine x3  
  91  6:29  Marine x2  
  91  6:30  Marine x3  
  96  6:42  Marine x2  
  96  6:43  Marine x2  
Show
View Real Time Build Order
Export as new Build Order

LivingWeed Zerg 

Build Orders: Pool First 

Get SALT Encoding   

  12  0:01  Drone  
  13  0:08  Drone  
  14  0:15  Drone, Extractor  
  15  0:30  Spawning Pool  
  14  0:37  Overlord  
  15  0:57  Drone  
  15  1:07  Drone  
  16  1:13  Hatchery  
  15  1:21  Zergling x6  
  18  1:38  Queen  
  20  1:45  Drone  
  21  1:47  Extractor  
  20  1:56  Drone  
  21  2:04  Zergling x2  
  22  2:13  Overlord  
  22  2:24  Queen  
  24  2:32  Drone  
  25  2:38  Drone  
  26  2:44  Baneling Nest  
  26  2:46  Drone  
  26  2:48  Queen  
  26  2:49  Drone x2  
  30  2:58  Drone x2  
  32  2:59  Zergling x4  
  32  3:01  Drone  
  32  3:05  Extractor  
  34  3:13  Drone  
  35  3:30  Lair  
  35  3:33  Drone  
  36  3:35  Overlord x2, Extractor  
  36  3:40  Drone  
  36  3:56  Drone x3  
  36  3:57  Drone x2  
  36  3:58  Drone  
  36  3:59  Zergling x6  
  45  4:13  Drone x4  
  49  4:24  Zergling x4  
  51  4:32  Overlord  
  51  4:56  Metabolic Boost  
  51  4:58  Centrifical Hooks  
  51  4:59  Overlord  
  51  5:03  Drone x4  
  55  5:08  Extractor  
  54  5:17  Overseer  
  54  5:23  Hatchery  
  53  5:35  Spire  
  41  5:50  Zergling x2  
  41  5:51  Zergling x14  
  41  5:52  Zergling x2  
  41  5:53  Zergling x8  
  54  6:32  Overlord x2  
  41  6:49  Spine Crawler  
  41  6:50  Spine Crawler  
  41  6:52  Spine Crawler  
Tags
 
League
Gold
Matchup
TvZ
Opening
Pool First
Replay Pack
Nickos replay
Add a new tag
Caveats
  • Supply blocks, unpowered buildings, or Contaminate may cause inaccurate times.
  • Supply counts are checked every 10 seconds.